[Event "*** Titled Tuesday Blitz"]
[Site "Chess.com"]
[Date "2018.11.06"]
[Round "1"]
[White "nitpicker"]
[Black "burbur555"]
[Result "0-1"]
[WhiteElo "2182"]
[BlackElo "2533"]
[TimeControl "180+2"]
[EndTime "13:02:42 PST"]
[Termination "burbur555 won by resignation"]

1. d4 d5 2. c4 c6 3. Nf3 Nf6 4. Nc3 a6 5. c5 Nbd7 6. Bf4 Nh5 7. e3 g6 8. Bd3 Bg7 9. O-O O-O 10. b4 Re8 11. Be2 Nxf4 12. exf4 f6 13. Re1 e5 14.
fxe5 fxe5 15. dxe5 Nxe5 16. Rc1 Nxf3+ 17. Bxf3 Bf5 18. Bg4 Rxe1+ 0-1

[Event "*** Titled Tuesday Blitz"]
[Site "Chess.com"]
[Date "2018.11.06"]
[Round "1"]
[White "gmcorrales"]
[Black "poummba"]
[Result "1/2-1/2"]
[WhiteElo "2738"]
[BlackElo "2399"]
[TimeControl "180+2"]
[EndTime "13:03:45 PST"]
[Termination "Game drawn by agreement"]

1. e4 e5 2. Nf3 Nf6 3. Nxe5 d6 4. Nf3 Nxe4 5. Nc3 Nxc3 6. dxc3 Be7 7. Be3 O-O 8. Qd2 Nd7 9. O-O-O c6 10. h4 d5 11. h5 Nc5 12. h6 g6 13. Qd4 Ne6 14.
Qe5 Bf6 15. Qg3 Qa5 16. Kb1 Nc5 17. Bd4 Ne4 18. Qf4 Bxd4 19. Nxd4 Qb6 20. Ka1 c5 21.
Nb3 Qf6 22. Qxf6 Nxf6 23. Nxc5 b6 1/2-1/2

[Event "*** Titled Tuesday Blitz"]
[Site "Chess.com"]
[Date "2018.11.06"]
[Round "1"]
[White "santosalberto1987"]
[Black "vugarrasulov"]
[Result "0-1"]
[WhiteElo "2401"]
[BlackElo "2774"]
[TimeControl "180+2"]
[EndTime "13:04:06 PST"]
[Termination "vugarrasulov won by resignation"]

1. d4 Nf6 2. Nf3 e6 3. c4 b6 4. g3 Ba6 5. b3 b5 6. cxb5 Bxb5 7. Bg2 d5 8. O-O Ba6 9. Ne5 Bd6 10. Ba3 O-O 11.
Bxd6 cxd6 12. Nf3 Nc6 13. Nc3 Ne4 14. Rc1 Rc8 15. Re1 Nb4 16. Nxe4 dxe4 17. Rxc8 Qxc8 18. Ng5 d5 19. a3 Nc2 20. Rf1 Qc3 21. Nh3 Nxd4 22.
Re1 Rc8 23. e3 Nc2 0-1

[Event "*** Titled Tuesday Blitz"]
[Site "Chess.com"]
[Date "2018.11.06"]
[Round "1"]
[White "Boorchess"]
[Black "GMSrinath"]
[Result "1-0"]
[WhiteElo "2450"]
[BlackElo "2832"]
[TimeControl "180+2"]
[EndTime "13:04:13 PST"]
[Termination "Boorchess won by resignation"]

1. e4 e5 2. Nf3 Nc6 3. Bc4 Nf6 4. Ng5 d5 5. exd5 Na5 6. Bb5+ c6 7. dxc6 bxc6 8. Bd3 Be7 9. O-O O-O 10. Nc3 c5 11. Re1 Nc6 12. Nf3 Bd6 13. Bf1 Bg4 14. h3 Bh5 15. d3 Nd4 16. g4 Nxf3+ 17. Qxf3 Bg6 18. Bg5 Rb8 19. Nd5 Be7 20. Rxe5 Nxd5 21. Rxd5 Qc7 22. Bf4 Qb6 23. Bxb8 Rxb8 24. Re1 Bf8 25.
b3 Qa5 26. Rde5 f6 27. R5e2 Qxa2 28. Bg2 Bf7 29. Qc6 Rd8 30. Qc7 Rd4 31. Qb8 Qa3 32. Re8 Bxe8 33. Rxe8 c4 34. b4 1-0

[Event "*** Titled Tuesday Blitz"]
[Site "Chess.com"]
[Date "2018.11.06"]
[Round "1"]
[White "sergoy"]
[Black "matiss90"]
[Result "0-1"]
[WhiteElo "2748"]
[BlackElo "2419"]
[TimeControl "180+2"]
[EndTime "13:04:13 PST"]
[Termination "matiss90 won by resignation"]

1. d4 Nf6 2. Nf3 g6 3. c4 Bg7 4.
g3 O-O 5. Bg2 d6 6. O-O a6 7.
Nc3 Nc6 8. Bf4 Rb8 9. Rc1 e6 10. Qd2 Ne7 11. Bh6 b5 12. Bxg7 Kxg7 13. cxb5 axb5 14.
a3 Ned5 15. Nxd5 exd5 16. Qb4 Re8 17. e3 Bd7 18. Rc2 Ne4 19. Rfc1 c5 20. dxc5 dxc5 21. Qe1 Bf5 22. Nd2 c4 23. Nxe4 Bxe4 24. Bxe4 Rxe4 25. Rd1 d4 26. Rxd4 Qxd4 27. Rd2 Qf6 28. Qd1 Ree8 0-1

[Event "*** Titled Tuesday Blitz"]
[Site "Chess.com"]
[Date "2018.11.06"]
[Round "1"]
[White "INDIAN-ELEPHANT"]
[Black "sere99"]
[Result "1-0"]
[WhiteElo "2658"]
[BlackElo "2309"]
[TimeControl "180+2"]
[EndTime "13:04:16 PST"]
[Termination "INDIAN-ELEPHANT won by resignation"]

1. d4 d5 2. Nf3 Nf6 3. c4 e6 4. g3 Bb4+ 5. Bd2 Be7 6. Bg2 O-O 7. O-O c6 8. Qc2 b6 9. Bf4 Ba6 10. Ne5 Nfd7 11. cxd5 cxd5 12. Nc3 Qc8 13. Rfc1 Qb7 14. e4 Nf6 15. exd5 Nxd5 16. Nxd5 exd5 17. Qb3 Rd8 18.
Nxf7 Kxf7 19. Rc7 Bc4 20. Qxc4 dxc4 21. Bxb7 1-0

[Event "*** Titled Tuesday Blitz"]
[Site "Chess.com"]
[Date "2018.11.06"]
[Round "1"]
[White "jcibarra"]
[Black "JSMastropiero"]
[Result "1-0"]
[WhiteElo "2644"]
[BlackElo "2301"]
[TimeControl "180+2"]
[EndTime "13:04:27 PST"]
[Termination "jcibarra won by resignation"]

1. Nf3 c5 2. e4 g6 3. d4 cxd4 4. Nxd4 Nc6 5. Nc3 Bg7 6. Be3 Nf6 7. Bc4 Qa5 8. O-O O-O 9. Bb3 d6 10. Nd5 Nxd5 11. exd5 Nxd4 12. Bxd4 Bxd4 13. Qxd4 Bd7 14. Rfe1 Rfe8 15. Re3 f6 16. Rae1 Kf8 17. c3 Qd8 18. h4 a5 19. Bc2 Qc8 20. Rxe7 Qc5 21. Qxf6+ 1-0

[Event "*** Titled Tuesday Blitz"]
[Site "Chess.com"]
[Date "2018.11.06"]
[Round "1"]
[White "Zq1"]
[Black "Morshynska"]
[Result "0-1"]
[WhiteElo "2488"]
[BlackElo "2070"]
[TimeControl "180+2"]
[EndTime "13:04:36 PST"]
[Termination "Morshynska won by resignation"]

1. d4 Nf6 2. c4 e6 3. g3 Bb4+ 4. Nd2 c5 5. a3 Bxd2+ 6. Qxd2 cxd4 7. Nf3 b6 8. Bg2 Bb7 9. Qxd4 Nc6 10. Qf4 O-O 11. O-O Ne7 12. Rd1 Rc8 13. b3 d5 14. Bb2 Ng6 15. Qe3 Qe7 16. cxd5 Bxd5 17. Ne5 Nxe5 18. Bf3 Nxf3+ 0-1

[Event "*** Titled Tuesday Blitz"]
[Site "Chess.com"]
[Date "2018.11.06"]
[Round "1"]
[White "Parthenope"]
[Black "Keaton87"]
[Result "0-1"]
[WhiteElo "1751"]
[BlackElo "2474"]
[TimeControl "180+2"]
[EndTime "13:04:36 PST"]
[Termination "Keaton87 won by resignation"]

1. e4 c5 2. Nf3 e6 3. d4 cxd4 4. Nxd4 a6 5. Bd3 Bc5 6. Nb3 Be7 7. O-O d6 8. c4 Nf6 9. Nc3 Qc7 10. Qe2 Nbd7 11.
f4 b6 12. Be3 Bb7 13. Rac1 O-O 14. g4 g6 15. g5 Nh5 16. Nd1 Rfe8 17. Nf2 Bf8 18.
Ng4 Bg7 19. Nh6+ Bxh6 20. gxh6 f5 21. Bd4 e5 22. fxe5 dxe5 23. Bc3 Nc5 24. Nxc5 Qxc5+ 25. Kh1 Nf4 26. Qf3 Nxd3 0-1

[Event "*** Titled Tuesday Blitz"]
[Site "Chess.com"]
[Date "2018.11.06"]
[Round "1"]
[White "maximlavrov"]
[Black "aRk_iN"]
[Result "1-0"]
[WhiteElo "2526"]
[BlackElo "2137"]
[TimeControl "180+2"]
[EndTime "13:04:38 PST"]
[Termination "maximlavrov won by resignation"]

1. Nf3 d5 2. g3 Nf6 3. Bg2 g6 4. O-O Bg7 5. d3 O-O 6. Nbd2 Nbd7 7. e4 dxe4 8. dxe4 e5 9. b3 Re8 10. Bb2 a5 11. Qe2 a4 12. Nc4 Qe7 13. Nfxe5 Nxe4 14. Qxe4 Nxe5 15. Nxe5 Bxe5 16. Rae1 f6 17. f4 Qc5+ 18. Kh1 Bf5 19. Qd5+ Qxd5 20. Bxd5+ 1-0

[Event "*** Titled Tuesday Blitz"]
[Site "Chess.com"]
[Date "2018.11.06"]
[Round "1"]
[White "xpto15"]
[Black "lucasmito"]
[Result "0-1"]
[WhiteElo "1270"]
[BlackElo "2473"]
[TimeControl "180+2"]
[EndTime "13:04:43 PST"]
[Termination "lucasmito won by resignation"]

1. e4 c5 2. Nf3 d6 3. d4 cxd4 4. Nxd4 Nf6 5. Nc3 g6 6. Be3 Bg7 7. f3 O-O 8. Qd2 Nc6 9. O-O-O d5 10. Kb1 Nxd4 11. e5 Nd7 12. Bxd4 Nxe5 13. Qe1 Qd6 14. f4 Nc6 15. Bxg7 Kxg7 16. Nxd5 Bg4 17. Be2 Bxe2 18. Qxe2 Rad8 19. g3 e6 20. Nc3 Qe7 21. h4 h5 22. g4 Rxd1+ 23. Qxd1 Rd8 24. Qg1 hxg4 25. Qxg4 Qc5 26. h5 Rh8 27. Ne4 Rxh5 28. Re1 Qe3 29. Qd1 Qxf4 30. Nd6 Rd5 0-1

[Event "*** Titled Tuesday Blitz"]
[Site "Chess.com"]
[Date "2018.11.06"]
[Round "1"]
[White "Muisback26"]
[Black "Orest_Vovk"]
[Result "1-0"]
[WhiteElo "2815"]
[BlackElo "2422"]
[TimeControl "180+2"]
[EndTime "13:04:50 PST"]
[Termination "Muisback26 won by resignation"]

1. e4 Nf6 2. Nc3 d5 3. exd5 Nxd5 4. Nf3 Nc6 5. Bc4 Be6 6. Bb3 Nxc3 7. bxc3 Bxb3 8.
axb3 e6 9. d4 Bd6 10. O-O O-O 11.
Re1 Qf6 12. Qd3 Qg6 13. Be3 Qxd3 14. cxd3 Ne7 15. Bd2 c6 16. Ng5 h6 17. Ne4 Rfd8 18.
g3 a6 19. b4 Nd5 20. Reb1 Rac8 21. Kf1 Kh7 22. Ke2 Kg6 23. c4 Nf6 24. Nc5 Rc7 25.
b5 axb5 26. Ba5 bxc4 27. Bxc7 cxd3+ 28. Nxd3 Bxc7 29. Rxb7 Nd5 30. Rc1 Ra8 31. Rxc6 Ra2+ 32. Kf1 Rd2 33. Rcxc7 Nxc7 34. Ne5+ 1-0

[Event "*** Titled Tuesday Blitz"]
[Site "Chess.com"]
[Date "2018.11.06"]
[Round "1"]
[White "saikrishnaReturns"]
[Black "Caterpiller35"]
[Result "1-0"]
[WhiteElo "2618"]
[BlackElo "2277"]
[TimeControl "180+2"]
[EndTime "13:05:03 PST"]
[Termination "saikrishnaReturns won by resignation"]

1. e4 c5 2. Nf3 Nc6 3. Nc3 g6 4.
h4 d6 5. h5 Bg7 6. Bc4 Nh6 7. d3 Bg4 8. hxg6 hxg6 9. Be3 Nd4 10. Bxd4 cxd4 11. Nd5 e6 12. Nf4 Qa5+ 13. Qd2 Qc5 14.
Nh2 O-O-O 15. f3 e5 16. b4 Qb6 17. Nd5 1-0

[Event "*** Titled Tuesday Blitz"]
[Site "Chess.com"]
[Date "2018.11.06"]
[Round "1"]
[White "SanchezKelvin"]
[Black "Andreikka"]
[Result "0-1"]
[WhiteElo "2450"]
[BlackElo "2880"]
[TimeControl "180+2"]
[EndTime "13:05:04 PST"]
[Termination "Andreikka won by resignation"]

1. e4 c6 2. d4 d5 3. e5 Bf5 4. Nc3 e6 5. g4 Bg6 6. Nge2 c5 7. h4 h6 8. Be3 cxd4 9. Nxd4 Ne7 10. f4 Nbc6 11. Qd2 h5 12. f5 exf5 13. gxf5 Nxf5 14.
Nxf5 Bxf5 15. O-O-O d4 16. Bxd4 Qxd4 17. Qxd4 Nxd4 18.
Rxd4 Bc5 19. Bb5+ Kf8 20. Rd5 Be3+ 21. Kb1 Be6 22. Rd3 Bf4 23. Bd7 Bxe5 24. Bxe6 fxe6 25. Rd7 b6 26. Rf1+ Kg8 27. Ne4 Rh6 28. Ng5 Bf6 29.
Nxe6 Re8 30. Nc7 Re4 31. Nd5 Bxh4 32. Rg1 Rg4 33. Rf1 Re6 34. a3 Re1+ 35. Rxe1 Bxe1 36. Ne7+ Kh7 37. Nf5 h4 38. Rxa7 h3 39. Re7 Bf2 40. Re2 h2 0-1

[Event "*** Titled Tuesday Blitz"]
[Site "Chess.com"]
[Date "2018.11.06"]
[Round "1"]
[White "narutosmith"]
[Black "HaryKane"]
[Result "0-1"]
[WhiteElo "2213"]
[BlackElo "2573"]
[TimeControl "180+2"]
[EndTime "13:05:04 PST"]
[Termination "HaryKane won by resignation"]

1. e4 e5 2. Nf3 Nc6 3. Bb5 a6 4.
Ba4 Nf6 5. d3 b5 6. Bb3 Bc5 7.
Nc3 d6 8. Nd5 h6 9. c3 Bb6 10. h3 Bb7 11. Nxf6+ Qxf6 12. Bd5 Nd8 13. Bxb7 Nxb7 14. a4 O-O 15. g4 Qe6 16. g5 h5 17. Be3 Bxe3 18. fxe3 d5 19. exd5 Qxd5 20. O-O Rad8 21. Ne1 g6 22. Rf6 e4 23. h4 exd3 24. Qf3 d2 25. Ng2 Qxf3 26. Rxf3 d1=Q+ 27. Rxd1 Rxd1+ 0-1

[Event "*** Titled Tuesday Blitz"]
[Site "Chess.com"]
[Date "2018.11.06"]
[Round "1"]
[White "GukeshDommaraju"]
[Black "saraswathii"]
[Result "1-0"]
[WhiteElo "2638"]
[BlackElo "2294"]
[TimeControl "180+2"]
[EndTime "13:05:08 PST"]
[Termination "GukeshDommaraju won by checkmate"]

1. Nf3 Nc6 2. d4 d5 3. g3 Bf5 4. Bg2 Qd7 5. O-O O-O-O 6. c4 dxc4 7. Qa4 Kb8 8. Qxc4 Nxd4 9. Nxd4 Qxd4 10. Qb5 Bc8 11.
Be3 a6 12. Qb3 Qf6 13. Nc3 Nh6 14. Nd5 Be6 15. Ba7+ Kc8 16. Nb6+ cxb6 17. Rac1+ Kd7 18. Rfd1+ Ke8 19. Rxd8+ Kxd8 20. Bxb6+ Ke8 21. Qa4+ Bd7 22. Rc8# 1-0

[Event "*** Titled Tuesday Blitz"]
[Site "Chess.com"]
[Date "2018.11.06"]
[Round "1"]
[White "Superfelix"]
[Black "kuli4ik"]
[Result "0-1"]
[WhiteElo "2404"]
[BlackElo "2778"]
[TimeControl "180+2"]
[EndTime "13:05:15 PST"]
[Termination "kuli4ik won by resignation"]

1. e4 e6 2. d4 d5 3. Nd2 Nc6 4. Ngf3 Nf6 5. e5 Nd7 6. c3 f6 7.
Bb5 fxe5 8. dxe5 Be7 9. Nd4 Nxd4 10. cxd4 O-O 11. Bd3 h6 12. Nf3 c5 13. O-O cxd4 14. Bb1 Rxf3 15. Qxf3 Nxe5 16. Qe2 Bf6 17. f4 d3 18. Qe3 Ng4 19. Qxd3 Qb6+ 20. Kh1 Nf2+ 21.
Rxf2 Qxf2 22. Be3 Qxb2 23. Qh7+ Kf7 24. Qg6+ Ke7 25. Bc5+ Kd8 26. Qf7 Qc1+ 27. Bg1 Bxa1 28. Qf8+ Kd7 29. Qf7+ Kd6 30. Qf8+ Kc7 31. Bd3 Bd4 32.
Qxg7+ Bxg7 0-1

[Event "*** Titled Tuesday Blitz"]
[Site "Chess.com"]
[Date "2018.11.06"]
[Round "1"]
[White "Gr3egor"]
[Black "Andrew-FB00"]
[Result "1-0"]
[WhiteElo "2476"]
[BlackElo "1763"]
[TimeControl "180+2"]
[EndTime "13:05:25 PST"]
[Termination "Gr3egor won by resignation"]

1. d4 Nf6 2. c4 e6 3. Nc3 Bb4 4. Qc2 b6 5. e4 d6 6. Qa4+ Bd7 7. Qxb4 Nc6 8. Qb3 Nxd4 9. Qd1 e5 10. Be3 Ne6 11. Be2 Bc6 12. Bf3 O-O 13. Nge2 Re8 14. O-O Nc5 15. Ng3 h6 16. b4 Ne6 17. Nd5 Bxd5 18.
cxd5 Nf8 19. Rc1 Ng6 20. Nf5 Rc8 21. Qa4 Ra8 22. Rc2 a5 23. Rfc1 axb4 24. Qxb4 Ra7 25. a4 Ne7 26. Nxe7+ Rxe7 27. Rc6 Ra5 28. Rxb6 cxb6 29.
Bxb6 Qa8 30. Qxa5 Qb7 31. h3 Re8 32. Rc7 1-0

[Event "*** Titled Tuesday Blitz"]
[Site "Chess.com"]
[Date "2018.11.06"]
[Round "1"]
[White "Ramosha"]
[Black "EvgenyT"]
[Result "0-1"]
[WhiteElo "2466"]
[BlackElo "2930"]
[TimeControl "180+2"]
[EndTime "13:05:30 PST"]
[Termination "EvgenyT won by checkmate"]

1. d4 d5 2. c4 e6 3. Nc3 Bb4 4. Nf3 Nf6 5. e3 O-O 6. Bd3 c5 7. O-O dxc4 8. Bxc4 Nc6 9. Qe2 Qe7 10. a3 Ba5 11. Rd1 Rd8 12. Qc2 Bd7 13. dxc5 Qxc5 14. Ne4 Nxe4 15. Qxe4 Be8 16. Rxd8 Rxd8 17. b4 Rd1+ 18.
Bf1 Qb5 19. Bb2 Qxf1# 0-1

[Event "*** Titled Tuesday Blitz"]
[Site "Chess.com"]
[Date "2018.11.06"]
[Round "1"]
[White "mitrabhaa"]
[Black "TheBigBadChessDad"]
[Result "1-0"]
[WhiteElo "2624"]
[BlackElo "2278"]
[TimeControl "180+2"]
[EndTime "13:05:30 PST"]
[Termination "mitrabhaa won by resignation"]

1. Nf3 d5 2. b3 Nf6 3. Bb2 g6 4. g3 Bg7 5. Bg2 O-O 6. O-O b6 7. d3 Bb7 8. Nbd2 Re8 9. c4 e6 10. Rc1 c5 11. cxd5 Nxd5 12. Bxg7 Kxg7 13. Nc4 Nc6 14.
Qd2 e5 15. Rfd1 f6 16. a3 Nd4 17. Nxd4 exd4 18. b4 cxb4 19. axb4 Qe7 20. Re1 Rad8 21.
Qb2 Nc3 22. Bxb7 Qxb7 23. e4 b5 24. Na5 Qd7 25. Kg2 Re7 26. Nb3 Rc8 27. Nc5 Qd6 28.
Ra1 Rxc5 29. bxc5 Qxc5 30. Ra6 b4 31. Rea1 f5 32. R1a5 Qc8 33. Qxb4 Rd7 34. Rxa7 fxe4 35. Qxd4+ 1-0

[Event "*** Titled Tuesday Blitz"]
[Site "Chess.com"]
[Date "2018.11.06"]
[Round "1"]
[White "ViktorMatviishen"]
[Black "penguingm1"]
[Result "0-1"]
[WhiteElo "2433"]
[BlackElo "2837"]
[TimeControl "180+2"]
[EndTime "13:05:40 PST"]
[Termination "penguingm1 won by resignation"]

1. e4 e5 2. Nf3 Nc6 3. Bb5 a6 4. Ba4 Nf6 5. d3 d6 6. O-O g6 7. c3 Bg7 8. Nbd2 O-O 9. Re1 b5 10. Bc2 Re8 11. a4 b4 12. a5 Rb8 13. Nc4 Be6 14. Ba4 Bd7 15. Bg5 h6 16. Bh4 Ne7 17. Bxd7 Nxd7 18. Ne3 bxc3 19. bxc3 Nc5 20. Qc2 Qd7 21.
d4 exd4 22. cxd4 Ne6 23. Rad1 Rb5 24. Qa4 Reb8 25. Rc1 c5 26. dxc5 Nxc5 27. Qa2 Nd3 28. Red1 Nxc1 29. Rxc1 Nc6 30. Nc4 Rc5 31. Nfd2 Nxa5 32.
Bg3 Nxc4 33. Nxc4 Qe6 34. Bxd6 Qxd6 0-1

[Event "*** Titled Tuesday Blitz"]
[Site "Chess.com"]
[Date "2018.11.06"]
[Round "1"]
[White "ChadBiryani"]
[Black "AkibaRubi"]
[Result "1-0"]
[WhiteElo "2224"]
[BlackElo "2537"]
[TimeControl "180+2"]
[EndTime "13:05:40 PST"]
[Termination "ChadBiryani won by resignation"]

1. d4 Nf6 2. Bf4 d5 3. e3 e6 4. Bd3 Be7 5. Nd2 O-O 6. h3 c5 7.
c3 Nc6 8. Ngf3 b6 9. O-O Bb7 10.
Qe2 Rc8 11. Rad1 h6 12. Rfe1 Re8 13. dxc5 Bxc5 14. e4 dxe4 15. Nxe4 Nxe4 16. Qxe4 Qf6 17. Qh7+ Kf8 18. Bg3 Ne7 19. Ne5 Nf5 20. Nd7+ Ke7 21. Nxf6 Kxf6 22. Be5+ Ke7 23. Bxf5 exf5 24. Bxg7+ 1-0

[Event "*** Titled Tuesday Blitz"]
[Site "Chess.com"]
[Date "2018.11.06"]
[Round "1"]
[White "iturrizaga"]
[Black "tactics321"]
[Result "1-0"]
[WhiteElo "2621"]
[BlackElo "2253"]
[TimeControl "180+2"]
[EndTime "13:05:42 PST"]
[Termination "iturrizaga won by checkmate"]

1. Nf3 Nf6 2. c4 b6 3. g3 Bb7 4.
Bg2 g6 5. O-O Bg7 6. Nc3 O-O 7. d4 Ne4 8. Nxe4 Bxe4 9. Bg5 d6 10.
Qd2 Nd7 11. d5 Nf6 12. Bh3 b5 13. b3 bxc4 14. bxc4 Nd7 15. Nd4 Qe8 16. f3 c5 17.
Nc6 Bxa1 18. Rxa1 Bf5 19. Bxf5 gxf5 20. Bxe7 Ne5 21. Qg5+ Ng6 22. Bf6 f4 23. Qh6 Qe3+ 24. Kh1 Qxe2 25. Ne7+ Qxe7 26. Qg7# 1-0

[Event "*** Titled Tuesday Blitz"]
[Site "Chess.com"]
[Date "2018.11.06"]
[Round "1"]
[White "Perecke"]
[Black "florianschwabeneder"]
[Result "0-1"]
[WhiteElo "1996"]
[BlackElo "2482"]
[TimeControl "180+2"]
[EndTime "13:05:42 PST"]
[Termination "florianschwabeneder won by resignation"]

1. e4 c5 2. Nf3 e6 3. c4 Nc6 4.
Nc3 Nf6 5. Be2 Nd4 6. d3 d6 7.
Be3 Nxf3+ 8. Bxf3 Be7 9. O-O O-O 10. d4 cxd4 11. Bxd4 a6 12. Qd2 Qc7 13. Rac1 Bd7 14. Be3 Rac8 15. g3 Qb8 16. b3 b5 17. cxb5 axb5 18. Bg2 Bc6 19. e5 dxe5 20. Bxc6 Rxc6 21. Nd5 exd5 22. Rxc6 d4 23. Bg5 Ne4 24. Qe2 Nxg5 25. f4 d3 26. Qxd3 exf4 27. gxf4 Ne6 28. f5 Qa7+ 29. Kh1 Nd4 30. Rd1 Nxc6 0-1

[Event "*** Titled Tuesday Blitz"]
[Site "Chess.com"]
[Date "2018.11.06"]
[Round "1"]
[White "GMHess"]
[Black "ozates"]
[Result "1-0"]
[WhiteElo "2674"]
[BlackElo "2319"]
[TimeControl "180+2"]
[EndTime "13:05:43 PST"]
[Termination "GMHess won by resignation"]

1. d4 Nf6 2. c4 e6 3. Nc3 d5 4.
Bf4 dxc4 5. Nf3 c5 6. e3 cxd4 7. Qxd4 Qxd4 8. Nxd4 Bb4 9. Nb5 Na6 10. Bxc4 Bd7 11.
Nd6+ Bxd6 12. Bxd6 Bc6 13. O-O O-O-O 14. Rfd1 Rd7 15. Nb5 b6 16. Be5 Nc5 17. Rxd7 Bxd7 18. Nd6+ 1-0

[Event "*** Titled Tuesday Blitz"]
[Site "Chess.com"]
[Date "2018.11.06"]
[Round "1"]
[White "Pudor"]
[Black "Peroncio"]
[Result "0-1"]
[WhiteElo "2304"]
[BlackElo "2651"]
[TimeControl "180+2"]
[EndTime "13:05:47 PST"]
[Termination "Peroncio won by resignation"]

1. d4 f5 2. g3 Nf6 3. Bg2 g6 4.
c4 Bg7 5. Nh3 O-O 6. Nc3 d6 7.
d5 c6 8. O-O e5 9. dxe6 Bxe6 10. Qd3 Na6 11. Ng5 Bc8 12. Be3 Ng4 13. Bf4 Ne5 14.
Qd2 Nxc4 15. Bd5+ cxd5 16. Qxd5+ Kh8 17. Qxc4 Qe7 18. Rfd1 Be5 19. Nd5 Qg7 20. Bxe5 dxe5 21. e4 h6 22. Nf3 fxe4 23. Qxe4 Nc5 24. Qe2 Bg4 25. Qe3 Bxf3 26. Qxc5 Bxd1 27. Rxd1 Rad8 0-1

[Event "*** Titled Tuesday Blitz"]
[Site "Chess.com"]
[Date "2018.11.06"]
[Round "1"]
[White "FairChess_on_YouTube"]
[Black "Jbd735"]
[Result "1-0"]
[WhiteElo "2928"]
[BlackElo "2465"]
[TimeControl "180+2"]
[EndTime "13:05:53 PST"]
[Termination "FairChess_on_YouTube won by resignation"]

1. Nf3 d5 2. e3 Nf6 3. c4 c6 4. Nc3 e6 5. b3 Bd6 6. Bb2 O-O 7. Qc2 Nbd7 8. Be2 a5 9. O-O Qe7 10. Rac1 Nc5 11. Ba3 Nfe4 12. Nxe4 Nxe4 13. Bxd6 Qxd6 14. d3 Nf6 15. d4 Bd7 16. Ne5 Rfc8 17. c5 Qc7 18. f4 Ne4 19. Bd3 f5 20. g4 Rf8 21.
Kh1 Be8 22. Rg1 Kh8 23. gxf5 exf5 24. Bxe4 fxe4 25. Rg5 Qe7 26. Qg2 Rf6 27. Rg1 g6 28.
h4 Rf5 1-0

[Event "*** Titled Tuesday Blitz"]
[Site "Chess.com"]
[Date "2018.11.06"]
[Round "1"]
[White "SergeiAza"]
[Black "dragosceres"]
[Result "1-0"]
[WhiteElo "2805"]
[BlackElo "2413"]
[TimeControl "180+2"]
[EndTime "13:05:56 PST"]
[Termination "SergeiAza won by resignation"]

1. e4 e6 2. d4 d5 3. Nd2 c5 4. Ngf3 cxd4 5. Nxd4 Nf6 6. exd5 exd5 7. Bd3 Be7 8. O-O O-O 9. N2f3 Nc6 10. Re1 Bg4 11.
h3 Bh5 12. Nf5 Bc5 13. Bg5 Bg6 14. N3h4 h6 15. Be3 Bxe3 16. Rxe3 Nh5 17. Qg4 Qf6 18.
Rae1 Kh8 19. Nxh6 gxh6 20. Bxg6 Nf4 21. Bf5 Rg8 22. Qxf4 1-0

[Event "*** Titled Tuesday Blitz"]
[Site "Chess.com"]
[Date "2018.11.06"]
[Round "1"]
[White "ChessicallyInclined"]
[Black "David_Paravyan"]
[Result "0-1"]
[WhiteElo "2409"]
[BlackElo "2782"]
[TimeControl "180+2"]
[EndTime "13:06:01 PST"]
[Termination "David_Paravyan won by checkmate"]

1. d4 d5 2. c4 c6 3. Nf3 Nf6 4.
Nc3 dxc4 5. a4 Bf5 6. Ne5 Nbd7 7. Nxc4 Qc7 8. g3 e5 9. dxe5 Nxe5 10. Bf4 Nfd7 11.
Bg2 g5 12. Ne3 gxf4 13. Nxf5 fxg3 14. hxg3 O-O-O 15. Qc2 Kb8 16. O-O h5 17. b4 Bxb4 18. Rfb1 a5 19. Ne4 Ng6 20. e3 h4 21. gxh4 Nxh4 22. Nxh4 Rxh4 23. Ng3 Nb6 24. Rd1 Rhh8 25.
Qf5 Ka7 26. Ne4 Qh2+ 27. Kf1 Rhg8 28. Bf3 Nd5 29. Nf6 Rg1+ 30. Ke2 Nc3# 0-1

[Event "*** Titled Tuesday Blitz"]
[Site "Chess.com"]
[Date "2018.11.06"]
[Round "1"]
[White "Sordis"]
[Black "XDPS"]
[Result "0-1"]
[WhiteElo "2273"]
[BlackElo "2612"]
[TimeControl "180+2"]
[EndTime "13:06:15 PST"]
[Termination "XDPS won by resignation"]

1. c4 e6 2. g3 d5 3. Bg2 Nf6 4. Nf3 Be7 5. O-O O-O 6. b3 b6 7. Bb2 Bb7 8. d3 Nbd7 9. Nbd2 c5 10. cxd5 Bxd5 11. Qc2 Rc8 12. Rfe1 Bb7 13. Rad1 Nd5 14. Qb1 Bf6 15. Nc4 Qe7 16. Nce5 Nxe5 17. Nxe5 Rfd8 18. a3 Qc7 19. Nc4 Nc3 20. Bxc3 Bxc3 21. Rf1 Bxg2 22. Kxg2 Bf6 23. Kg1 Rd7 24. Rc1 Rcd8 25. b4 h5 26. bxc5 Qxc5 27. Qb3 h4 28. Nd2 Qh5 29. Ne4 Be7 30. Rfe1 h3 31. Rc2 Rxd3 32. Qb1 R3d4 33. Rc7 Bxa3 34. Rxa7 Bb4 35. Rc1 Qxe2 36. Ng5 Rd1+ 0-1

[Event "*** Titled Tuesday Blitz"]
[Site "Chess.com"]
[Date "2018.11.06"]
[Round "1"]
[White "DawidCzerw"]
[Black "danyuffa"]
[Result "0-1"]
[WhiteElo "2234"]
[BlackElo "2604"]
[TimeControl "180+2"]
[EndTime "13:06:18 PST"]
[Termination "danyuffa won by checkmate"]

1. d4 Nf6 2. c4 g6 3. Nc3 Bg7 4. e4 d6 5. Be2 O-O 6. Nf3 e5 7. O-O Nc6 8. d5 Ne7 9. b4 Nh5 10. Re1 Nf4 11. Bf1 a5 12. Ba3 axb4 13. Bxb4 Bg4 14.
h3 Bxf3 15. Qxf3 c5 16. dxc6 Nxc6 17. a3 Nd4 18. Qd1 h5 19. Nb5 Ra6 20. Nxd4 exd4 21. g3 Ne6 22. Bg2 h4 23. Kh2 hxg3+ 24. fxg3 Be5 25.
Qg4 Qg5 26. Qxg5 Nxg5 27. h4 Ne6 28. Bh3 Nc5 29. Rab1 b6 30. Kg2 Rfa8 31. Rbd1 Rxa3 32.
Bxa3 Rxa3 33. Bc8 Rxg3+ 34. Kf1 d3 35. Kf2 Bf4 36. Rg1 Nxe4+ 37. Kf1 Rf3+ 38. Kg2 Rf2+ 39. Kh3 Kf8 40. Bb7 f5 41. Bxe4 Rh2# 0-1

[Event "*** Titled Tuesday Blitz"]
[Site "Chess.com"]
[Date "2018.11.06"]
[Round "1"]
[White "Shivagami"]
[Black "nearestway"]
[Result "0-1"]
[WhiteElo "2031"]
[BlackElo "2499"]
[TimeControl "180+2"]
[EndTime "13:06:20 PST"]
[Termination "nearestway won by resignation"]

1. Nc3 d5 2. e4 d4 3. Nce2 e5 4. Ng3 Be6 5. Nf3 Nd7 6. d3 f6 7. Be2 Bb4+ 8. Bd2 Bxd2+ 9. Qxd2 Ne7 10. O-O c5 11. Ne1 Qb6 12. Qc1 O-O-O 13. c3 Kb8 14. a4 Qd6 15. a5 Rc8 16. Nc2 Ng6 17. Qd2 Nf4 18. b4 h5 19. Rfb1 h4 20. Nf1 dxc3 21. Qe3 Ka8 22. bxc5 Nxc5 23. Rd1 Nb3 24. Rab1 Nd4 25. Nxd4 exd4 26. e5 dxe3 0-1

[Event "*** Titled Tuesday Blitz"]
[Site "Chess.com"]
[Date "2018.11.06"]
[Round "1"]
[White "EphiphanyLord"]
[Black "kharov2001"]
[Result "1-0"]
[WhiteElo "2586"]
[BlackElo "2222"]
[TimeControl "180+2"]
[EndTime "13:06:24 PST"]
[Termination "EphiphanyLord won by resignation"]

1. e4 e5 2. Nf3 Nc6 3. Bb5 a6 4.
Ba4 Nf6 5. d3 b5 6. Bb3 Bc5 7. Nc3 d6 8. Nd5 h6 9. c3 O-O 10. Nxf6+ Qxf6 11. Bd5 Bd7 12. Rg1 Rab8 13.
g4 g5 14. h4 Qg6 15. hxg5 hxg5 16. Bxg5 Kg7 17. Qd2 f6 18. Be3 Rh8 19. Bxc5 dxc5 20.
Qe3 Rh3 21. Ke2 Nd4+ 22. cxd4 cxd4 23. Qc1 Bxg4 24. Qxc7+ Kh6 25. Qxb8 Rxf3 26. Qh8+ Kg5 27. Rxg4+ Kxg4 28. Rg1+ Rg3 1-0